 Dungeon Crawl Stone Soup version 0.28.0-43-g3370ac3207 (webtiles) character file.

Game seed: 12564091591186298290

47 sizableburger the Magician (level 3, -1/24 HPs)
             Began as a Mummy Venom Mage on Mar 12, 2022.
             Slain by an orc
             ... wielding a +0 falchion
              (7 damage)
             ... on level 4 of the Dungeon on Mar 13, 2022.
             The game lasted 00:05:06 (1861 turns).

sizableburger the Magician (Mummy Venom Mage)       Turns: 1861, Time: 00:05:07

Health: -1/24      AC:  2    Str: 11    XL:     3   Next: 48%
Magic:  7/7        EV: 12    Int: 16    God:
Gold:   60         SH:  0    Dex: 12    Spells: 5/8 levels left

rFire   x . .      SeeInvis .   c - +0 dagger (spect)
rCold   + . .      Faith    .   (no shield)
rNeg    + + +      Spirit   .   a - +0 robe
rPois   ∞          Reflect  .   (no helmet)
rElec   .          Harm     .   (no cloak)
rCorr   .          Rampage  .   (no gloves)
Will    .....                   (no boots)
Stlth   ++........              (no amulet)
HPRegen 0.08/turn               (no ring)
MPRegen 0.10/turn               (no ring)

@: no status effects
A: cold resistance 1, negative energy resistance 3, torment resistance 2, heat
vulnerability 1, no potions
a: no special abilities


You were on level 4 of the Dungeon.
You visited 1 branch of the dungeon, and saw 3 of its levels.

You collected 104 gold pieces.
You spent 44 gold pieces at shops.

Inventory:

Hand Weapons
 b - a +0 club
 c - a +0 spectral dagger (weapon)
Armour
 a - a +0 robe (worn)


   Skills:
 - Level 2.0 Dodging
 - Level 1.6 Stealth
 + Level 1.1 Unarmed Combat
 + Level 3.4 Spellcasting
 - Level 0.8 Transmutations
 - Level 0.5 Air Magic
 - Level 2.5 Poison Magic


You had 5 spell levels left.
You knew the following spells:

 Your Spells              Type           Power      Damage    Failure   Level
a - Sting                 Tmut/Pois      32%        1d4       9%          1
b - Poisonous Vapours     Pois/Air       14%        N/A       14%         2

Your spell library contained the following spells:

 Spells                   Type           Power      Damage    Failure   Level
 Mephitic Cloud           Conj/Pois/Air  6%         N/A       34%         3
 Olgreb's Toxic Radiance  Pois           11%        N/A       52%         4


Dungeon Overview and Level Annotations

Branches:
Dungeon (2/15)

Altars:

Shops:
D:1 :?


Innate Abilities, Weirdness & Mutations

You are immune to poison.
Your flesh is cold resistant. (rC+)
You are immune to negative energy. (rN+++)
You are immune to unholy pain and torment.
You are vulnerable to heat. (rF-)
You do not drink.


Message History

The adder barely misses you.
You closely miss the adder.
The adder is severely wounded.
Your +0 spectral dagger hits the adder.
You kill the adder!
Your Unarmed Combat skill increases to level 1!
You start resting.
Your magical contamination has completely faded away.
A hobgoblin comes into view.
A hobgoblin is nearby!
The sting hits the hobgoblin.
The hobgoblin is poisoned.
The hobgoblin is moderately wounded.
The hobgoblin shouts!
The sting hits the hobgoblin.
The hobgoblin looks even sicker.
The hobgoblin is almost dead.
You kill the hobgoblin!
Magic restored.
You now have 60 gold pieces (gained 12).
Found a metallic emerald potion.
A sourceless malevolence fills the Dungeon...
You fall into a shaft and drop 2 floors!
The shaft crumbles and collapses.
An iguana, 3 orcs and an orc priest come into view.
The iguana hisses angrily.
You aren't carrying any scrolls.
You can't drink.
Unknown command.
The orc shouts!
The orc priest shouts!
The orc shouts! x2
The iguana bites you. The iguana bites you.
An orc comes into view. It is wielding a +0 mace.
The orc priest looks encouraged for a moment.
An adder comes into view.
The adder hisses angrily.
The orc priest mumbles some strange prayers to Beogh against you.
Beogh smites you!
* * * LOW HITPOINT WARNING * * *
The orc barely misses you. The adder closely misses you.
The orc hits you with a +0 falchion!
You die...

#.oo......# #
###.#####o#.#.#
#####.o...#
#.....#
....#..l..#
#o....#
#.......#
#.#.#.#
####.....#
#o#...#
#........#
#.##..#
#.......##
#o##..#
###.......#
#.@...#
.o........#
##S..##
##.......#
#.### #.......#
#.# #.......#
#.# #########
#.# ..# ###


You could see an orc priest, an adder and 3 orcs.

Vanquished Creatures
  An adder (D:2)
  2 dart slugs (D:1)
  3 ball pythons (D:1)
  5 endoplasms (D:1)
  A giant cockroach (D:1)
  5 goblins (D:1)
  3 hobgoblins
  2 quokkas
  4 frilled lizards (D:1)
  3 kobolds (D:1)
  2 rats (D:1)
31 creatures vanquished.

Notes
Turn   | Place    | Note
-------+----------+-------------------------------------------
     0 | D:1      | sizableburger the Mummy Venom Mage began the quest for the
                  | Orb.
     0 | D:1      | Reached XP level 1. HP: 13/13 MP: 4/4
   304 | D:1      | Reached XP level 2. HP: 19/19 MP: 1/5
   479 | D:1      | Learned a level 2 spell: Poisonous Vapours
   549 | D:1      | Reached skill level 3 in Spellcasting
   914 | D:1      | Found Rugeoh's Magic Scroll Shoppe.
  1192 | D:1      | Bought a scroll of identify for 22 gold pieces
  1194 | D:1      | Bought a scroll of identify for 22 gold pieces
  1378 | D:1      | Reached XP level 3. HP: 24/24 MP: 4/7
  1533 | D:1      | Found Laschux's Book Shop.
  1755 | D:2      | Reached skill level 1 in Unarmed Combat
  1838 | D:2      | You fall into a shaft and drop 2 floors!
  1861 | D:4      | Slain by an orc

Illustrated notes

Levels and vault maps discovered:
D:1:      dpeg_arrival_rooms_b, layout_basic, serial_shops, shop, shop_scrolls
D:2:      layout_rooms, basic_altar, minmay_randomly_rotated_circles
D:4:      cheibrodos_thug_alley, layout_loops_cross,
          makhleb_blood_cavern_becter, uniq_pikel, uniq_menkaure

Skill      XL: |  1  2  3 |
---------------+----------+-----
Spellcasting   | 3 |  3.4
Dodging        | 2 |  2.0
Unarmed Combat | 1 |  1.1
Stealth        | |  1.6
Transmutations | |  0.8
Air Magic      | |  0.5
Poison Magic   | |  2.5

Action                   || total
-------------------------++-------
Melee: Dagger            ||    28
       Club              ||     5
       Unarmed           ||     2
 Cast: Sting             ||    56
       Poisonous Vapours ||     1
  Use: Scroll            ||     3
 Stab: Sleeping          ||     1
Armor: Robe              ||    12
Dodge: Dodged            ||    34
